 Dungeon Crawl Stone Soup version 0.31-a0-968-g24f9ace8b5 (webtiles) character file.

Game seed: 14575673172114512977

9 pokeman the Magician (level 2, -2/16 HPs)
             Began as a Deep Elf Hedge Wizard on Oct 28, 2023.
             Slain by a hobgoblin (4 damage)
             ... on level 1 of the Dungeon.
             The game lasted 00:00:27 (294 turns).

pokeman the Magician (Deep Elf Hedge Wizard)         Turns: 294, Time: 00:00:27

Health: -2/16      AC:  2    Str:  7    XL:     2   Next: 6%
Magic:  0/9        EV: 12    Int: 18    God:
Gold:   35         SH:  0    Dex: 14    Spells: 9/10 levels left

rFire   . . .        a - +0 dagger
rCold   . . .        (no shield)
rNeg    . . .        b - +0 robe
rPois   .            c - +0 hat
rElec   .            (no cloak)
rCorr   .            (no gloves)
SInv    .            (no boots)
Will    .....        (no amulet)
Stlth   ++           (no ring)
HPRegen 0.22/turn    (no ring)
MPRegen 0.11/turn

%: no passive effects
@: no status effects
A: no striking features
a: no special abilities


You were on level 1 of the Dungeon.
You visited 1 branch of the dungeon, and saw 1 of its levels.

You collected 35 gold pieces.

Inventory:

Hand Weapons
 a - a +0 dagger (weapon)
Armour
 b - a +0 robe (worn)
 c - a +0 hat (worn)
Scrolls
 e - a scroll of enchant weapon {unknown}
Potions
 d - a potion of magic


   Skills:
 + Level 0.3 Fighting
 + Level 0.3 Armour
 - Level 2.4 Dodging
 - Level 2.4 Stealth
 * Level 4.7 Spellcasting
 + Level 1.4 Conjurations
 - Level 1.1 Summonings
 - Level 1.1 Translocations


You had 9 spell levels left.
You knew the following spells:

 Your Spells              Type           Power      Damage    Failure   Level
a - Magic Dart            Conj           36%        1d4       8%          1

Your spell library contained the following spells:

 Spells                   Type           Power      Damage    Failure   Level
 Blink                    Tloc           16%        N/A       13%         2
 Call Imp                 Summ           16%        N/A       13%         2
 Slow                     Hex            16%        N/A       14%         1
 Cigotuvi's Dreadful Rot  Necr/Pois/Air  8%         N/A       21%         2
 Mephitic Cloud           Conj/Pois/Air  5%         N/A       34%         3


Dungeon Overview and Level Annotations

Branches:
Dungeon (1/15)

Altars:


Message History

The magic dart hits the hobgoblin but does no damage.
The hobgoblin is almost dead.
The hobgoblin hits you but does no damage.
The hobgoblin misses you.
Unknown command.
You hit the hobgoblin but do no damage.
The hobgoblin is severely wounded.
You hit the hobgoblin but do no damage.
The hobgoblin is severely wounded.
The hobgoblin hits you.
You hit the hobgoblin.
You kill the hobgoblin!
You hit the hobgoblin but do no damage. The hobgoblin hits you.
You closely miss the hobgoblin. The hobgoblin hits you.
You barely miss the hobgoblin. The hobgoblin misses you.
Casting: Magic Dart (safe; 8% risk of failure)
Confirm with . or Enter, or press ? or * to list all spells.
Aiming: Magic Dart (safe; 8% risk of failure)
Press: ? - help, Shift-Dir - straight line, f - hobgoblin
Aim: a hobgoblin (100% to hit)
The magic dart hits the hobgoblin.
The hobgoblin is moderately wounded.
The hobgoblin hits you.
* * * LOW HITPOINT WARNING * * *
You hit the hobgoblin but do no damage.
The hobgoblin is moderately wounded.
The hobgoblin hits you.
* * * LOW HITPOINT WARNING * * *
You hit the hobgoblin.
The hobgoblin is heavily wounded.
The hobgoblin closely misses you.
Casting: Magic Dart (safe; 8% risk of failure)
Confirm with . or Enter, or press ? or * to list all spells.
Aiming: Magic Dart (safe; 8% risk of failure)
Press: ? - help, Shift-Dir - straight line, f/p - hobgoblin
Aim: a hobgoblin (heavily wounded, 100% to hit)
The magic dart hits the hobgoblin.
The hobgoblin is severely wounded.
The hobgoblin hits you.
You die...

.###...#...)....# #.
...............# #.
#......#.^...#.# #.
#......#.....#.## #.
#...............###.
#####.............#...##
..................###..#
...........#.....## ##..
....##@#....)...# ### .
#g#.#...##.#
..........###.##.#
#....###...##.##.# #...
#.#.##..... ..#
#...####... # ..... ##..
.... . #. ......


You could see a hobgoblin.

Vanquished Creatures
  2 endoplasms (D:1)
  A giant cockroach (D:1)
  A goblin (D:1)
  A hobgoblin (D:1)
  3 kobolds (D:1)
8 creatures vanquished.

Notes
Turn   | Place    | Note
-------+----------+-------------------------------------------
     0 | D:1      | pokeman the Deep Elf Hedge Wizard began the quest for the
                  | Orb.
     0 | D:1      | Reached XP level 1. HP: 10/10 MP: 7/7
   278 | D:1      | Reached XP level 2. HP: 15/15 MP: 6/9
   294 | D:1      | Slain by a hobgoblin

Illustrated notes

Levels and vault maps discovered:
D:1:      lemuel_arrival_tunnels, layout_rooms

Action                     || total
---------------------------++-------
  Melee: Dagger            ||     9
   Cast: Magic Dart        ||    26
 Armour: Robe              ||    10
  Dodge: Dodged            ||     8

Table legend: (Time is in decaauts)
 A = Elapsed time spent in this place.
 B = Non-inter-level travel time spent in this place.
 C = Inter-level travel time spent in this place.
 D = Time resting spent in this place.
 E = Time spent auto-exploring this place.
 F = Levels seen in this place.
 G = Mean time per level.
                   A        B        C        D        E       F      G
               +--------+--------+--------+--------+--------+-----+--------+
         Total |    294 |    294 |      0 |      0 |    246 |   1 |  294.0 |
       Dungeon |    294 |    294 |      0 |      0 |    246 |   1 |  294.0 |
               +--------+--------+--------+--------+--------+-----+--------+

Top non-repeatable levels by time:
     D:1: 294 daAuts
